 Dungeon Crawl Stone Soup version 0.28-a0-1286-g6bde065e89 (webtiles) character file.

Game seed: 1770847033844160232

57 Bediveer the Covered (level 3, -5/33 HPs)
             Began as a Minotaur Fighter on Dec 26, 2021.
             Succumbed to Sigmund's poison
             ... on level 3 of the Dungeon.
             The game lasted 00:04:30 (2527 turns).

Bediveer the Covered (Minotaur Fighter)             Turns: 2527, Time: 00:04:31

Health: -5/33      AC:  9    Str: 22    XL:     3   Next: 73%
Magic:  2/2        EV:  8    Int:  5    God:
Gold:   106        SH:  4    Dex:  9    Spells: 2/2 levels left

rFire   . . .      SeeInvis .   a - +0 war axe
rCold   . . .      Faith    .   c - +0 buckler
rNeg    . . .      Spirit   .   l - +0 chain mail
rPois   .          Reflect  .   (helmet restricted)
rElec   .          Harm     .   (no cloak)
rCorr   .          Rampage  .   (no gloves)
Will    .....                   (no boots)
Stlth   ..........              (no amulet)
HPRegen 0.11/turn               (no ring)
MPRegen 0.08/turn               (no ring)

@: mighty, lethally poisoned (-5 -> -28)
A: horns 2, retaliatory headbutt
a: no special abilities


You were on level 3 of the Dungeon.
You visited 1 branch of the dungeon, and saw 3 of its levels.

You collected 106 gold pieces.

Inventory:

Hand Weapons
 a - a +0 war axe (weapon)
Missiles
 h - 8 poisoned darts (quivered)
 j - a large rock
Armour
 c - a +0 buckler (worn)
 l - a +0 chain mail (worn)
Magical Staves
 g - a staff of death
Jewellery
 b - a ring of wizardry
Scrolls
 e - 2 scrolls of fear {unknown}
 f - 2 scrolls of identify {unknown}
 i - a scroll of blinking {unknown}
 k - a scroll of vulnerability {unknown}
 m - a scroll of torment {unknown}
 n - a scroll of teleportation {unknown}


   Skills:
 + Level 3.8 Fighting
 + Level 3.4 Axes
 + Level 4.6 Armour
 + Level 0.3 Dodging
 + Level 4.0 Shields


You had 2 spell levels left.
You didn't know any spells.
Your spell library contained the following spells:

 Spells                   Type           Power      Damage    Failure   Level
 Call Canine Familiar     Summ           0%         N/A       100%        3
 Portal Projectile        Hex/Tloc       0%         N/A       100%        3
 Leda's Liquefaction      Hex/Erth       0%         N/A       100%        4


Dungeon Overview and Level Annotations

Branches:
Dungeon (3/15)

Altars:
Beogh

Shops:
D:2 (

Annotations:
D:3 Sigmund


Innate Abilities, Weirdness & Mutations

You have a pair of horns on your head.
You reflexively headbutt those who attack you in melee.


Message History

You are poisoned.
An orc comes into view. It is wielding a +0 dagger.
The orc shouts!
You hit Sigmund but do no damage.
You feel very sick. The bat hits you but does no damage.
You block Sigmund's attack.
You hit Sigmund.
Sigmund is lightly wounded.
You feel very sick. The bat completely misses you. You furiously retaliate!
You headbutt the bat!
You kill the bat!
You are too injured to fight recklessly!
You are too injured to fight recklessly!
You feel very mighty all of a sudden.
You feel sick. Sigmund hits you but does no damage.
The goblin hits you but does no damage.
You aren't carrying any potions.
Drop what? 13/52 slots (_ for help) (? for menu, Esc to quit)
Okay, then.
You barely miss Sigmund. You headbutt Sigmund!
Sigmund is moderately wounded.
You closely miss the goblin.
You feel sick. The goblin hits you but does no damage.
Sigmund hits you with a +2 scythe of venom.
* * * LOW HITPOINT WARNING * * *
You are lethally poisoned!
The goblin closely misses you.
You closely miss Sigmund.
Sigmund is moderately wounded.
You barely miss the goblin.
* * * LOW HITPOINT WARNING * * *
You feel very sick.
Sigmund hits you with a +2 scythe of venom.
* * * LOW HITPOINT WARNING * * *
You are more poisoned.
The goblin hits you but does no damage.
Your chain mail prevents you from hitting Sigmund.
Sigmund is moderately wounded.
You barely miss the goblin.
You die...

# ####+##....
#..@@S..#
#.#†g...#
#.#.o......
#####.#........
#.....#........
#.###.#........
##.###+####.....
#.......# .....
#.......#


You could see Sigmund, an adder, an orc and a goblin.

Vanquished Creatures
  An adder (D:2)
  A dart slug (D:1)
  4 ball pythons
  4 endoplasms
  3 giant cockroaches (D:1)
  4 goblins
  2 hobgoblins (D:2)
  6 jackals
  A kobold (D:1)
  A quokka (D:1)
  3 bats
  7 frilled lizards (D:1)
  5 rats
42 creatures vanquished.

Notes
Turn   | Place    | Note
-------+----------+-------------------------------------------
     0 | D:1      | Bediveer the Minotaur Fighter began the quest for the Orb.
     0 | D:1      | Reached XP level 1. HP: 19/19 MP: 0/0
   468 | D:1      | Reached XP level 2. HP: 22/27 MP: 1/1
   927 | D:1      | Found a faded altar of an unknown god.
  1122 | D:1      | Reached XP level 3. HP: 30/30 MP: 2/2
  1800 | D:2      | Found Oholodol's Weapon Shop.
  2519 | D:3      | Noticed Sigmund
  2527 | D:3      | Succumbed to Sigmund's poison

Illustrated notes

Levels and vault maps discovered:
D:1:      elethiomel_arrival_infinity_welcomes_careful_drivers, layout_basic,
          hellmonk_ecumenical_altar_defaced_shrine, serial_bayou_pond_e
D:2:      layout_loops_ring, serial_shops, nicolae_shop_bloodbath_and_beyond,
          chequers_serial_rivers_large_b
D:3:      layout_basic, uniq_ijyb, uniq_sigmund

Skill      XL: |  1  2  3 |
---------------+----------+-----
Armour         | 4 |  4.6
Shields        | 4 |  4.0
Axes           | 3 |  3.4
Fighting       | |  3.8
Dodging        | |  0.3

Action                   || total
-------------------------++-------
Melee: War axe           ||    87
       Headbutt          ||     8
  Use: Potion            ||     1
Armor: Scale mail        ||    16
       Chain mail        ||    19
Dodge: Dodged            ||    34
Block: Buckler           ||    17

Table legend: (Time is in decaauts)
 A = Elapsed time spent in this place.
 B = Non-inter-level travel time spent in this place.
 C = Inter-level travel time spent in this place.
 D = Time resting spent in this place.
 E = Time spent auto-exploring this place.
 F = Levels seen in this place.
 G = Mean time per level.
                   A        B        C        D        E       F      G
               +--------+--------+--------+--------+--------+-----+--------+
         Total |   2587 |   2486 |    101 |    200 |   2010 |   3 |  862.3 |
       Dungeon |   2587 |   2486 |    101 |    200 |   2010 |   3 |  862.3 |
               +--------+--------+--------+--------+--------+-----+--------+

Top non-repeatable levels by time:
     D:1: 1613 daAuts
     D:2: 911 daAuts
     D:3: 63 daAuts
